 Dungeon Crawl Stone Soup version 0.28-a0-793-g31680bbd8b (webtiles) character file.

Game seed: 15600432956073510375

212 cheechan the Covered (level 5, 0/49 HPs)
             Began as a Naga Fighter on Nov 4, 2021.
             Slain by a river rat (4 damage)
             ... on level 4 of the Dungeon.
             The game lasted 00:08:50 (3442 turns).

cheechan the Covered (Naga Fighter)                 Turns: 3442, Time: 00:08:51

Health: 0/49       AC:  8    Str: 20    XL:     5   Next: 89%
Magic:  5/5        EV:  7    Int:  8    God:
Gold:   142        SH:  4    Dex: 10    Spells: 4/4 levels left

rFire   + . .      SeeInvis +   a - +0 flail
rCold   . . .      Faith    .   c - +0 buckler
rNeg    . . .      Spirit   .   b - +0 scale mail
rPois   +          Reflect  .   j - +0 helmet
rElec   .          Harm     .   k - +0 cloak
rCorr   .          Rampage  .   (no gloves)
Will    .....                   (no barding)
Stlth   ..........              (no amulet)
HPRegen 0.16/turn               i - ring of protection from fire
MPRegen 0.09/turn               (no ring)

@: very slow
A: AC +1, large, see invisible, deformed body, poison resistance, slowness 2,
spit poison 1, naga tail 1
a: Spit Poison


You were on level 4 of the Dungeon.
You visited 1 branch of the dungeon, and saw 4 of its levels.

You collected 142 gold pieces.

Inventory:

Hand Weapons
 a - a +0 flail (weapon)
 o - a +0 hand axe
 p - a +0 whip
Missiles
 f - 5 curare-tipped darts
 q - 14 sling bullets
 r - 23 arrows
Armour
 b - a +0 scale mail (worn)
 c - a +0 buckler (worn)
 j - a +0 helmet (worn)
 k - a +0 cloak (worn)
Jewellery
 i - a ring of protection from fire (left hand)
Potions
 d - a potion of might
 g - a potion of brilliance {unknown}
 h - a potion of mutation {unknown}
 l - a potion of heal wounds {unknown}
 m - 4 potions of flight {unknown}
 n - a potion of magic {unknown}
 s - a potion of invisibility {unknown}


   Skills:
 + Level 3.6 Fighting
 + Level 3.3 Maces & Flails
 + Level 3.8 Armour
 + Level 0.9 Dodging
 + Level 1.2 Stealth
 + Level 2.8 Shields


You had 4 spell levels left.
You didn't know any spells.
Your spell library contained the following spells:

 Spells                   Type           Power      Damage    Failure   Level
 Tukima's Dance           Hex            0%         N/A       98%         3
 Passage of Golubria      Tloc           0%         N/A       100%        4
 Yara's Violent Unravell  Hex/Tmut       0%         3d3       100%        5


Dungeon Overview and Level Annotations

Branches:
Dungeon (4/15)
 Temple: D:4-7

Altars:


Innate Abilities, Weirdness & Mutations

Your serpentine skin is tough. (AC +1)
You have supernaturally acute eyesight. (SInv)
Armour fits poorly on your strangely shaped body.
Your system is resistant to poisons. (rPois)
You cover ground very slowly.
You can spit poison.
You have a snake-like lower body.


Message History

You hit the river rat.
The river rat is heavily wounded.
The river rat bites you but does no damage. x2
You hit the river rat but do no damage.
The river rat is heavily wounded.
The river rat bites you!
* * * LOW HITPOINT WARNING * * *
Abil: Spit Poison
Press: ? - help, Q - select action, (/) - cycle Shift-Dir - straight line, f - river rat
Aim: a river rat (heavily wounded)
The splash of poison misses the river rat.
The river rat bites you!
* * * LOW HITPOINT WARNING * * *
You feel better. The river rat bites you.
* * * LOW HITPOINT WARNING * * *
You hit the river rat.
The river rat is severely wounded.
The river rat bites you.
* * * LOW HITPOINT WARNING * * *
You feel better. The river rat bites you!
* * * LOW HITPOINT WARNING * * *
You barely miss the river rat.
The river rat is severely wounded.
The river rat bites you.
* * * LOW HITPOINT WARNING * * *
You hit the river rat.
The river rat is almost dead.
The river rat bites you but does no damage.
The river rat barely misses you.
You hit the river rat but do no damage.
The river rat is almost dead.
You have got your breath back.
You block the river rat's attack.
You closely miss the river rat.
The river rat is almost dead.
The river rat bites you but does no damage.
You closely miss the river rat.
The river rat is almost dead.
The river rat bites you.
You die...

## #.. ########
#.. #≈≈≈#≈≈
#..≈#≈#†#≈# ###
#..≈#≈#≈#≈#≈≈≈≈#
##.≈≈≈≈#≈@r≈≈#
#...≈#≈#≈#####
#...≈≈≈#≈≈
#....#≈####
###### #...≈≈≈#
#....# #....≈≈#
####.##.#
#.###††#
#.....#.# #
#.....##
##...##.# #
#####.#
##.###.#####


You could see a river rat.

Vanquished Creatures
  An orc priest (D:4)
  An orc wizard (D:3)
  6 adders
  2 river rats (D:4)
  A worm (D:4)
  A dart slug (D:2)
  10 orcs
  3 bats
  8 endoplasms
  A giant cockroach (D:2)
  6 goblins
  8 hobgoblins
  11 kobolds
  A quokka (D:3)
  A ball python (D:3)
  2 frilled lizards (D:1)
  7 rats
70 creatures vanquished.

Notes
Turn   | Place    | Note
-------+----------+-------------------------------------------
     0 | D:1      | cheechan the Naga Fighter began the quest for the Orb.
     0 | D:1      | Reached XP level 1. HP: 21/21 MP: 1/1
   232 | D:1      | Reached XP level 2. HP: 13/28 MP: 2/2
   777 | D:1      | Reached XP level 3. HP: 17/34 MP: 3/3
  1487 | D:2      | Found a faded altar of an unknown god.
  1825 | D:2      | Reached XP level 4. HP: 42/42 MP: 4/4
  2593 | D:3      | Reached skill level 1 in Stealth
  2593 | D:3      | Reached XP level 5. HP: 34/49 MP: 5/5
  3442 | D:4      | Slain by a river rat

Illustrated notes

Levels and vault maps discovered:
D:1:      psy_arrival_basics, layout_basic
D:2:      layout_basic, ebering_ecumenical_altar_mist
D:3:      layout_basic, grunt_decor_one_mirror
D:4:      layout_loops_corners, lightli_sewer_entry_pipes,
          kennysheep_generic_room_10

Skill      XL: |  1  2  3  4  5 |
---------------+----------------+-----
Armour         | 3 |  3.8
Stealth        | 1 |  1.2
Maces & Flails | 3 |  3.3
Fighting       | |  3.6
Dodging        | |  0.9
Shields        | |  2.8

Action                   |  1- 3 |  4- 6 || total
-------------------------+-------+-------++-------
Melee: Flail             |   100 |   138 ||   238
 Abil: Spit Poison       |    11 |     9 ||    20
  Use: Scroll            |     3 |       ||     3
       Potion            |       |     3 ||     3
Armor: Scale mail        |    65 |    96 ||   161
Dodge: Dodged            |    47 |    60 ||   107
Block: Buckler           |    29 |    28 ||    57

Table legend: (Time is in decaauts)
 A = Elapsed time spent in this place.
 B = Non-inter-level travel time spent in this place.
 C = Inter-level travel time spent in this place.
 D = Time resting spent in this place.
 E = Time spent auto-exploring this place.
 F = Levels seen in this place.
 G = Mean time per level.
                   A        B        C        D        E       F      G
               +--------+--------+--------+--------+--------+-----+--------+
         Total |   4557 |   4557 |      0 |    477 |      0 |   4 | 1139.2 |
       Dungeon |   4557 |   4557 |      0 |    477 |      0 |   4 | 1139.2 |
               +--------+--------+--------+--------+--------+-----+--------+

Top non-repeatable levels by time:
     D:3: 1734 daAuts
     D:1: 1440 daAuts
     D:2: 1145 daAuts
     D:4: 237 daAuts
